 Dungeon Crawl Stone Soup version 0.21.1-1-g345015fe64 (webtiles) character file.

43 Evaline the Shield-Bearer (level 3, -3/31 HPs)
             Began as a Minotaur Fighter on June 20, 2018.
             Slain by an orc warrior
             ... wielding a +0 long sword
              (14 damage)
             ... on level 2 of the Dungeon.
             The game lasted 00:06:48 (1218 turns).

Evaline the Shield-Bearer (Minotaur Fighter)        Turns: 1218, Time: 00:06:48

Health: -3/31      AC:  8    Str: 21    XL:     3   Next: 37%
Magic:  2/2        EV:  9    Int:  5    God:
Gold:   140        SH:  0    Dex:  9    Spells: 2/2 levels left

rFire    . . .     SeeInvis .   b - +0 dagger (venom)
rCold    . . .     Gourm    .   (no shield)
rNeg     . . .     Faith    .   g - +0 scale mail
rPois    .         Spirit   .   (helmet restricted)
rElec    .         Reflect  .   (no cloak)
rCorr    .         Harm     .   o - +0 pair of gloves
MR       .....                  (no boots)
Stlth    ..........             (no amulet)
HPRegen  0.10/turn              (no ring)
MPRegen  0.08/turn              (no ring)

@: no status effects
A: retaliatory headbutt, horns 2
a: no special abilities


You were on level 2 of the Dungeon.
You were not hungry.

You visited 1 branch of the dungeon, and saw 2 of its levels.

You collected 140 gold pieces.

Inventory:

Hand Weapons
 a - a +0 long sword
 b - a +0 dagger of venom (weapon)
 e - a +0 club
Missiles
 h - 25 poisoned needles
 r - 7 tomahawks (quivered)
Armour
 c - a +0 shield
 g - a +0 scale mail (worn)
 o - a +0 pair of gloves (worn)
Scrolls
 i - a scroll of teleportation {unknown}
 j - a scroll of immolation {unknown}
 k - a scroll of blinking {unknown}
 l - 2 scrolls of identify {unknown}
 v - a scroll of amnesia {unknown}
Potions
 d - 2 potions of might
 m - 2 potions of haste {unknown}
 n - a potion of invisibility {unknown}
 p - 2 potions of brilliance {unknown}
 s - a potion of lignification {unknown}
 t - a potion of flight {unknown}
 u - a potion of cancellation {unknown}
Comestibles
 f - 3 rations


   Skills:
 - Level 3.6 Fighting
 + Level 3.0 Long Blades
 - Level 3.6 Armour
 * Level 5.1 Shields


You had 2 spell levels left.
You didn't know any spells.

Dungeon Overview and Level Annotations

Branches:
Dungeon (2/15)

Altars:
Ru

Annotations:
D:1 xp pot through digging


Innate Abilities, Weirdness & Mutations

You reflexively headbutt those who attack you in melee.
You have a pair of horns on your head.


Message History

Eating one of 2 chunks of flesh.
You eat one of the 2 chunks of flesh.
This raw flesh tastes terrible.
HP restored.
Found a glowing emerald potion.
p - 2 glowing emerald potions (gained 1)
An orc and an orc warrior come into view.
The orc warrior shouts!
The orc shouts!
You hear a shout! 2 orcs come into view.
The orc moves out of view.
You hit the orc warrior but do no damage.
The orc warrior is poisoned.
The orc warrior hits you with a long sword!!
Ouch! That really hurt!
All of the chunks of flesh in your inventory have rotted away.
An orc comes into view. It is wielding a hand axe.
The orc warrior looks more healthy.
You closely miss the orc warrior.
The orc warrior is severely wounded.
The orc warrior hits you with a long sword!
You die...

..o#######.oo......#.##'......#
... #.##.#o#..#.........##
#####.#####.##.#.#..#.........#
.......oo...##.#o#..#......)..#
#####.########.#o#..#.........#
... #.#.#..#.........# ####
#.#o#..#.........#
#.#o#..#.........#
#.#@#..#.........#
#.#.####.######### #.#.....(#
#.######## #.# #.# #.# #.#
########.#


You could see an orc warrior and 4 orcs.

Vanquished Creatures
  An adder (D:2)
  An ooze (D:2)
  A worm (D:2)
  A leopard gecko (D:1)
  A giant cockroach (D:1)
  6 goblins
  A hobgoblin (D:2)
  2 jackals (D:1)
  2 kobolds
  5 bats
  2 frilled lizards
  4 rats
27 creatures vanquished.

Notes
Turn   | Place    | Note
-------+----------+-------------------------------------------
     0 | D:1      | Evaline the Minotaur Fighter began the quest for the Orb.
     0 | D:1      | Reached XP level 1. HP: 19/19 MP: 0/0
   161 | D:1      | Reached skill level 4 in Shields
   189 | D:1      | Reached XP level 2. HP: 26/26 MP: 1/1
   191 | D:1      | Noticed a troll
   792 | D:2      | Reached XP level 3. HP: 31/31 MP: 2/2
   922 | D:2      | Reached skill level 5 in Shields
  1030 | D:2      | Found a sacrificial altar of Ru.
  1196 | D:2      | Noticed an orc warrior
  1218 | D:2      | Slain by an orc warrior

Skill      XL: |  1  2  3 |
---------------+----------+-----
Shields        | 4 5 |  5.1
Long Blades    | 3 |  3.0
Fighting       | |  3.6
Armour         | |  3.6

Action                   || total
-------------------------++-------
Melee: Long sword        ||    30
       Headbutt          ||     7
       Dagger            ||    23
  Eat: Chunk             ||     1
Armor: Scale mail        ||    35
Dodge: Dodged            ||    20
       Rpst.: Long sword ||     5
